 Dungeon Crawl Stone Soup version 0.28-a0-10-g964c8b829e (webtiles) character file.

Game seed: 8049636226210248397

1834 flyleaff the Skirmisher (level 8, -3/95 HPs)
             Began as a Troll Monk on July 25, 2021.
             Killed from afar by an electric eel (8 damage)
             ... with a bolt of electricity
             ... on level 6 of the Dungeon.
             The game lasted 00:11:22 (4496 turns).

flyleaff the Skirmisher (Troll Monk)                Turns: 4496, Time: 00:11:24

Health: -3/95      AC:  6    Str: 21    XL:     8   Next: 87%
Magic:  7/7        EV: 11    Int: 12    God:
Gold:   128        SH:  0    Dex: 11    Spells: 5/7 levels left

rFire   + . .      SeeInvis .     - Unarmed
rCold   . . .      Faith    .   (no shield)
rNeg    . . .      Spirit   .   a - +0 robe
rPois   .          Reflect  .   (helmet restricted)
rElec   .          Harm     .   h - +1 cloak
rCorr   .          Rampage  .   (gloves unavailable)
Will    .....                   (boots unavailable)
Stlth   +.........              (no amulet)
HPRegen 1.25/turn               i - +6 ring of intelligence
MPRegen 0.10/turn               (no ring)

@: no status effects
A: large, unfitting armour, claws 3, regeneration 1, shaggy fur 1, tough skin 1,
clumsy 1, fire resistance 1, robust 1
a: no special abilities


You were on level 6 of the Dungeon.
You visited 1 branch of the dungeon, and saw 6 of its levels.

You collected 380 gold pieces.
You spent 252 gold pieces at shops.

Inventory:

Hand Weapons
 b - a +2 dagger of speed
 c - a +0 giant spiked club
 g - a +4 quarterstaff of venom
Missiles
 j - a curare-tipped dart (quivered)
Armour
 a - a +0 robe (worn)
 h - a +1 cloak (worn)
Jewellery
 i - a +6 ring of intelligence (left claw)
Scrolls
 n - 2 scrolls of teleportation
Potions
 d - 2 potions of magic
 f - a potion of ambrosia
 l - a potion of invisibility
 o - a potion of lignification


   Skills:
 * Level 7.3 Fighting
 + Level 5.3 Dodging
 - Level 1.0 Stealth
 + Level 6.4 Unarmed Combat


You had 5 spell levels left.
You knew the following spells:

 Your Spells              Type           Power      Damage    Failure   Level
a - Static Discharge      Conj/Air       0%         N/A       45%         2

Your spell library contained the following spells:

 Spells                   Type           Power      Damage    Failure   Level
 Summon Small Mammal      Summ           0%         N/A       32%         1
 Call Canine Familiar     Summ           0%         N/A       69%         3
 Summon Guardian Golem    Hex/Summ       0%         N/A       69%         3
 Lightning Bolt           Conj/Air       0%         1d11      100%        5
 Maxwell's Capacitive Co  Air            0%         ∞         100%        8


Dungeon Overview and Level Annotations

Branches:
Dungeon (6/15)
 Temple: D:4-7

Altars:
Elyvilon
Fedhas
Kikubaaqudgha
Okawaru

Shops:
D:5 ?


Innate Abilities, Weirdness & Mutations

You are too large for most types of armour.
You have claws for hands.
Your natural rate of healing is unusually fast.
You are covered in fur. (AC +1)
You have tough skin. (AC +1)
You are clumsy. (Dex -2)
Your flesh is heat resistant. (rF+)
You are robust. (+10% HP)


Message History

No target in view!
No target in view!
No target in view!
No target in view!
Things that are here:
a +0 whip of flaming; a +0 robe An electric eel comes into view.
The electric eel shoots out a bolt of lightning at you!
The bolt of electricity hits you!
The electric eel shoots out a bolt of lightning at you!
The bolt of electricity hits you!
The electric eel shoots out a bolt of lightning at you!
The bolt of electricity hits you!
The electric eel shoots out a bolt of lightning at you!
The bolt of electricity hits you!
The electric eel shoots out a bolt of lightning at you!
The bolt of electricity hits you! x2
You are too injured to fight recklessly!
You are too injured to fight recklessly!
You are too injured to fight recklessly!
The electric eel shoots out a bolt of lightning at you!
The bolt of electricity hits you. The bolt of electricity hits you!
The electric eel shoots out a bolt of lightning at you!
The bolt of electricity hits you!
* * * LOW HITPOINT WARNING * * *
The bolt of electricity hits you!
* * * LOW HITPOINT WARNING * * *
You feel better.
The electric eel shoots out a bolt of lightning at you!
The bolt of electricity misses you. The bolt of electricity hits you!
* * * LOW HITPOINT WARNING * * *
You scratch the electric eel. Your claw misses the electric eel.
The electric eel is moderately wounded.
You closely miss the electric eel.
The electric eel is moderately wounded.
The electric eel shoots out a bolt of lightning at you!
The bolt of electricity hits you!
* * * LOW HITPOINT WARNING * * *
The bolt of electricity hits you!
You die...

#...##....)...........
#...####.#############
#...# #.# #...# #.##
#...# #..#
....#####.########
..................
................
≈≈≈.≈.≈≈@≈≈≈≈.≈.
≈≈≈≈≈≈≈≈;≈≈≈≈≈≈≈
≈≈≈≈≈≈≈≈≈≈≈≈≈≈≈≈
≈≈≈≈≈≈≈≈≈≈≈≈≈≈##
###############


You could see an electric eel.

Vanquished Creatures
  Pikel (D:6)
  Duvessa (D:6)
  2 necrophages
  3 ogres
  A kobold brigand (D:6)
  A scorpion (D:4)
  Dowan (D:6)
  3 wights (D:6)
  2 hounds
  Crazy Yiuf (D:2)
  A centaur skeleton (D:5)
  2 orc priests (D:5)
  An iguana (D:5)
  Natasha (thrice) (D:2)
  2 orc wizards
  A scorpion zombie (D:5)
  A killer bee zombie (D:5)
  A hound zombie (D:5)
  4 gnolls (D:3)
  7 adders
  A white imp (D:5)
  An adder skeleton (D:5)
  A worm (D:2)
  5 dart slugs
  5 orcs
  8 ball pythons
  8 bats
  2 endoplasms
  3 giant cockroaches
  5 goblins
  7 hobgoblins
  4 jackals
  6 quokkas
  4 frilled lizards
  8 kobolds
  3 rats
110 creatures vanquished.

Notes
Turn   | Place    | Note
-------+----------+-------------------------------------------
     0 | D:1      | flyleaff the Troll Monk began the quest for the Orb.
     0 | D:1      | Reached XP level 1. HP: 22/22 MP: 0/0
   257 | D:1      | Reached XP level 2. HP: 29/29 MP: 1/1
   276 | D:1      | Found a faded altar of an unknown god.
   369 | D:1      | Reached skill level 3 in Fighting
   560 | D:2      | Reached XP level 3. HP: 37/37 MP: 2/2
   816 | D:2      | Learned a level 2 spell: Static Discharge
   911 | D:2      | Reached XP level 4. HP: 45/45 MP: 3/3
  1129 | D:2      | Noticed Natasha
  1134 | D:2      | Killed Natasha
  1245 | D:2      | Found a runed translucent door.
  1246 | D:2      | Noticed Crazy Yiuf
  1252 | D:2      | Killed Crazy Yiuf
  1292 | D:2      | Noticed Natasha
  1303 | D:2      | Killed Natasha
  1304 | D:2      | Reached XP level 5. HP: 50/54 MP: 4/4
  1829 | D:2      | Noticed Natasha
  1836 | D:2      | Killed Natasha
  1837 | D:2      | Reached skill level 4 in Fighting
  2629 | D:4      | Noticed a necrophage
  2638 | D:4      | Killed a necrophage
  2639 | D:4      | Reached XP level 6. HP: 63/63 MP: 5/5
  2705 | D:4      | Found a white marble altar of Elyvilon.
  3024 | D:4      | Upgraded the game from 0.28-a0-8-g6e044cfa68 to
                  | 0.28-a0-10-g964c8b829e
  3262 | D:5      | Entered Level 5 of the Dungeon
  3350 | D:5      | Found a blossoming altar of Fedhas.
  3418 | D:5      | Reached skill level 5 in Fighting
  3418 | D:5      | Reached XP level 7. HP: 39/72 MP: 6/6
  3478 | D:5      | Found Iwegodd's Magic Scroll Shoppe.
  3537 | D:5      | Reached skill level 5 in Unarmed Combat
  3559 | D:5      | Bought a scroll of identify for 28 gold pieces
  3559 | D:5      | Bought a scroll of identify for 28 gold pieces
  3559 | D:5      | Bought a scroll of identify for 28 gold pieces
  3559 | D:5      | Bought 2 scrolls of identify for 56 gold pieces
  3559 | D:5      | Bought a scroll of identify for 28 gold pieces
  3559 | D:5      | Bought a scroll of teleportation for 42 gold pieces
  3559 | D:5      | Bought a scroll of teleportation for 42 gold pieces
  3693 | D:5      | Gained mutation: Your magical capacity is low. (-10% MP)
                  | [potion of mutation]
  3694 | D:5      | Lost mutation: Your magical capacity is low. (-10% MP)
                  | [potion of mutation]
  3694 | D:5      | Gained mutation: You are dopey. (Int -2) [potion of
                  | mutation]
  3694 | D:5      | Gained mutation: You are somewhat resistant to further
                  | mutation. [potion of mutation]
  3695 | D:5      | Lost mutation: You are dopey. (Int -2) [potion of mutation]
  3695 | D:5      | Lost mutation: You are somewhat resistant to further
                  | mutation. [potion of mutation]
  3695 | D:5      | Gained mutation: You are robust. (+10% HP) [potion of
                  | mutation]
  3695 | D:5      | Gained mutation: You are clumsy. (Dex -2) [potion of
                  | mutation]
  3695 | D:5      | Gained mutation: Your flesh is heat resistant. (rF+)
                  | [potion of mutation]
  3913 | D:5      | Found an iron altar of Okawaru.
  3915 | D:5      | Found an ancient bone altar of Kikubaaqudgha.
  4198 | D:6      | Noticed Dowan
  4200 | D:6      | Noticed Duvessa
  4207 | D:6      | Reached skill level 6 in Fighting
  4232 | D:6      | Killed Duvessa
  4233 | D:6      | Reached XP level 8. HP: 58/91 MP: 4/7
  4253 | D:6      | Killed Dowan
  4469 | D:6      | Noticed Pikel
  4479 | D:6      | Killed Pikel
  4480 | D:6      | Reached skill level 7 in Fighting
  4480 | D:6      | Reached skill level 5 in Dodging
  4496 | D:6      | Killed from afar by an electric eel

Illustrated notes

Levels and vault maps discovered:
D:1:      tarquinn_simple_flora_water_b, layout_basic,
          hellmonk_ecumenical_altar_leap_of_faith
D:2:      layout_loops_ring, uniq_crazy_yiuf_cottage, uniq_natasha
D:3:      layout_loops_ring, minmay_ruptured
D:4:      layout_loops_ring, amcnicky_altar_gilded
D:5:      layout_basic, jmf_multi_god_temple, fedhas_ov_isle_minmay,
          serial_shops, nicolae_inconvenience_store, serial_glass,
          glass_columns_a, glass_columns_b, item_on_display_a,
          minmay_strange_pillars
D:6:      minmay_goblin_kobold_castle, layout_basic, uniq_pikel, uniq_duvessa,
          uniq_sigmund

Skill      XL: |  1  2  3  4  5  6  7  8 |
---------------+-------------------------+-----
Fighting       | 3 4 5 6 7 |  7.3
Dodging        | 3 4 5 |  5.3
Unarmed Combat | 4 5 6 |  6.4
Stealth        | |  1.0

Action                   |  1- 3 |  4- 6 |  7- 9 || total
-------------------------+-------+-------+-------++-------
Melee: Unarmed           |    75 |   118 |   160 ||   353
       Punch             |     3 |     2 |     2 ||     7
  Use: Scroll            |       |     8 |     6 ||    14
       Potion            |       |       |    10 ||    10
 Stab: Sleeping          |     3 |     3 |     1 ||     7
Armor: Robe              |    22 |    28 |    48 ||    98
       Skin              |       |       |     5 ||     5
Dodge: Dodged            |    44 |    56 |    76 ||   176

Table legend: (Time is in decaauts)
 A = Elapsed time spent in this place.
 B = Non-inter-level travel time spent in this place.
 C = Inter-level travel time spent in this place.
 D = Time resting spent in this place.
 E = Time spent auto-exploring this place.
 F = Levels seen in this place.
 G = Mean time per level.
                   A        B        C        D        E       F      G
               +--------+--------+--------+--------+--------+-----+--------+
         Total |   4464 |   3793 |    671 |     24 |   3055 |   6 |  744.0 |
       Dungeon |   4464 |   3793 |    671 |     24 |   3055 |   6 |  744.0 |
               +--------+--------+--------+--------+--------+-----+--------+

Top non-repeatable levels by time:
     D:2: 1353 daAuts
     D:5: 808 daAuts
     D:4: 727 daAuts
     D:3: 675 daAuts
     D:1: 492 daAuts
     D:6: 407 daAuts
